 Dungeon Crawl Stone Soup version 0.18-a0-888-g17a9b31 (webtiles) character file.

177 Jmtri7 the Sneak (level 5, -9/35 HPs)
             Began as a Lacertilian Monk on Jan 1, 2016.
             Was a Believer of Cheibriados.
             Mangled by an ogre
             ... wielding a +0 giant club
              (26 damage)
             ... on level 4 of the Dungeon.
             The game lasted 00:12:55 (2059 turns).

Jmtri7 the Sneak (Lacertilian Monk)                 Turns: 2059, Time: 00:12:55

Health: -9/35      AC:  6    Str: 14    XL:     5   Next: 57%
Magic:  4/4        EV: 14    Int: 14    God:    Cheibriados [**....]
Gold:   152        SH:  0    Dex: 23    Spells: 0 memorised, 4 levels left

rFire  . . .     SeeInvis .     e - +0 short sword
rCold  . . .     Gourm    .     a - +0 robe
rNeg   . . .     Faith    +     (no shield)
rPois  .         Spirit   .     i - +0 helmet
rElec  .         Dismiss  .     (no cloak)
rCorr  .         Reflect  .     (no gloves)
SustAt .         Harm     .     (no boots)
MR     +....                    (no amulet)
Stlth  +++++.....               (no ring)
                                c - ring of protection from magic

@: very slow, somewhat resistant to hostile enchantments, quite stealthy
A: faith, no wrath for changing religions, slimy green scales 2, camouflage 1,
cold-blooded
a: Bend Time, Renounce Religion


You were on level 4 of the Dungeon.
You worshipped Cheibriados.
Cheibriados was pleased with you.
You were not hungry.

You visited 2 branches of the dungeon, and saw 5 of its levels.

You collected 152 gold pieces.

Inventory:

Hand Weapons
 e - a +0 short sword (weapon)
 x - a +0 morningstar
Missiles
 w - 10 poisoned needles
Armour
 a - a +0 robe (worn)
 i - a +0 helmet (worn)
Jewellery
 c - a ring of protection from magic (left hand)
Scrolls
 d - a scroll of random uselessness {unknown}
 f - a scroll of blinking {unknown}
 g - a scroll of amnesia {unknown}
 l - 2 scrolls of recharging {unknown}
 n - 4 scrolls of identify {unknown}
 o - 2 scrolls of enchant armour {unknown}
 s - 2 scrolls of immolation {unknown}
 v - a scroll of magic mapping {unknown}
Potions
 b - a potion of poison {unknown}
 h - a potion of flight {unknown}
 j - 2 potions of curing {unknown}
 m - a potion of resistance {unknown}
 p - a potion of haste {unknown}
 q - a potion of agility {unknown}
 u - a potion of heal wounds {unknown}
Books
 r - an Akashic Record

   Spells                             Type                      Level
   a - Dispersal                      Translocation                6
   b - Malign Gateway                 Summoning/Translocation      7
   c - Disjunction                    Translocation                8
   d - Controlled Blink               Translocation                8
 t - a book of Cantrips

   Spells                             Type                      Level
   a - Corona                         Hexes                        1
   b - Animate Skeleton               Necromancy                   1
   c - Summon Small Mammal            Summoning                    1
   d - Apportation                    Translocation                1
Comestibles
 k - a meat ration
 z - a royal jelly


   Skills:
 - Level 2.4 Fighting
 - Level 3.0 Dodging
 + Level 7.3 Stealth
 - Level 3.2 Unarmed Combat


You had 4 spell levels left.
You didn't know any spells.

Dungeon Overview and Level Annotations

Branches:
Dungeon (4/15)             Temple (1/1) D:4

Altars:
Ashenzari
Cheibriados
Elyvilon
Gozag
Kikubaaqudgha
Makhleb
Nemelex Xobeh
Okawaru
Sif Muna
Trog
Xom
Zin
The Shining One


Innate Abilities, Weirdness & Mutations

You have a strong connection with the divine.
You may change religions without incurring divine wrath.
You are mostly covered in slimy green scales (AC +3).
Your skin changes colour to match your surroundings (Stealth).
You are cold-blooded and may be slowed by cold attacks.


Message History

You kill the orc!
Cheibriados thoroughly appreciates the change of pace.
An ogre comes into view. It is wielding a giant club.
The ogre shouts!
The ogre moves out of view.
Found 17 gold pieces.
An orc comes into view. It is wielding a mace.
The ogre barely misses you.
An iguana and an orc come into view.
The orc shouts!
The iguana hisses angrily.
You hit the ogre. You punch the ogre.
The ogre is lightly wounded.
You hit the ogre. You tail-slap the ogre.
The ogre is heavily wounded.
The ogre hits you with a giant club!!
Ouch! That really hurt!
An orc comes into view. It is wielding a short sword.
The ogre hits you with a giant club!!
Ouch! That really hurt!
You die...

...........# ...>.....<.# .o
...........# #.# #...>.....##
...# ##...#...## ....#
######### #o..$. ###...#
########## ###.l.#
#).......####.@O#
#........#....#####.. ##..
#..........####..).. #.....
#........####>..# ##.......
#.............#########.......#
#........#####................#
#........# #.................
#........# #.........#.....##
#........# #.......†..(......


You could see an ogre, an iguana and an orc.

Vanquished Creatures
  A scorpion (D:3)
  A worker ant (D:4)
  A hound zombie (D:4)
  2 adders
  3 oozes
  4 giant geckos
  10 orcs
  A ball python (D:1)
  4 bats
  3 giant cockroaches
  2 hobgoblins (D:1)
  A kobold (D:1)
  2 quokkas
  4 giant newts (D:1)
  4 goblins
  9 rats
  4 butterflies (D:4)
56 creatures vanquished.

Notes
Turn   | Place    | Note
--------------------------------------------------------------
     0 | D:1      | Jmtri7 the Lacertilian Monk began the quest for the Orb.
     0 | D:1      | Reached XP level 1. HP: 15/15 MP: 0/0
   181 | D:1      | Reached XP level 2. HP: 20/20 MP: 1/1
   423 | D:1      | Reached skill level 4 in Stealth
   536 | D:1      | Reached XP level 3. HP: 23/25 MP: 2/2
   735 | D:2      | You fall through a shaft!
  1041 | D:3      | Reached skill level 5 in Stealth
  1095 | D:3      | Found a glowing golden altar of the Shining One.
  1148 | D:3      | Noticed a scorpion
  1164 | D:3      | Killed a scorpion
  1164 | D:3      | Reached skill level 6 in Stealth
  1164 | D:3      | Reached XP level 4. HP: 30/30 MP: 3/3
  1414 | D:3      | Reached XP level 5. HP: 29/35 MP: 4/4
  1752 | D:4      | Found a staircase to the Ecumenical Temple.
  1761 | Temple   | Entered the Ecumenical Temple
  1874 | Temple   | Became a worshipper of Cheibriados the Contemplative
  1874 | Temple   | Reached * piety under Cheibriados
  1874 | Temple   | Reached ** piety under Cheibriados
  2015 | D:4      | Reached skill level 7 in Stealth
  2054 | D:4      | Noticed an ogre
  2059 | D:4      | Mangled by an ogre

Vault maps used:
D:1:      dpeg_arrival_water_temple_mockup, minmay_cupped
D:2:      nicolae_overflow_hidden_temple, uniq_robin
D:3:      nicolae_tso_carved_into_rock
D:4:      minmay_temple_entry_butterflies, uniq_sigmund
Temple:   circular_temple_12

Action                   |  1- 3 |  4- 6 || total
-------------------------+-------+-------++-------
Melee: Short sword       |    92 |    34 ||   126
       Unarmed           |     3 |       ||     3
       Morningstar       |       |    33 ||    33
 Stab: Sleeping          |    16 |     6 ||    22
  Eat: Bread ration      |       |     1 ||     1
